 Dungeon Crawl Stone Soup version 0.31.0-32-g396128a36d (webtiles) character file.

Game seed: 4632445466310946412

240 NotreDorf the Ducker (level 6, -2/48 HPs)
             Began as a Merfolk Gladiator on Mar 30, 2024.
             Slain by an orc priest
             ... wielding a +2 falchion of holy wrath
              (7 damage)
             ... on level 4 of the Dungeon.
             The game lasted 00:08:57 (2565 turns).

NotreDorf the Ducker (Merfolk Gladiator)            Turns: 2565, Time: 00:09:00

Health: -2/48      AC:  6    Str: 16    XL:     6   Next: 8%
Magic:  6/6        EV: 14    Int:  8    God:
Gold:   115        SH:  0    Dex: 15    Spells: 5/5 levels left

rFire   . . .        a - +0 trident
rCold   . . .        (no shield)
rNeg    . . .        j - +1 leather armour {rPois}
rPois   +            c - +0 helmet
rElec   .            (no cloak)
rCorr   .            (no gloves)
SInv    +            k - +0 pair of boots
Will    .....        (no amulet)
Stlth   +            i - ring of see invisible
HPRegen 0.28/turn    (no ring)
MPRegen 0.10/turn

%: no passive effects
@: no status effects
A: (nimble swimmer 2), mertail
a: no special abilities


You were on level 4 of the Dungeon.
You visited 1 branch of the dungeon, and saw 4 of its levels.

You collected 115 gold pieces.

Inventory:

Hand Weapons
 a - a +0 trident (weapon)
Missiles
 d - 3 throwing nets (quivered)
 e - a javelin
 f - 4 boomerangs
Armour
 b - a +2 scale mail of fire resistance
 c - a +0 helmet (worn)
 j - a +1 leather armour of poison resistance (worn)
 k - a +0 pair of boots (worn)
Jewellery
 i - a ring of see invisible (left hand)
Scrolls
 g - a scroll of teleportation
 m - a scroll of silence {unknown}
 p - 2 scrolls of identify {unknown}
Potions
 h - a potion of heal wounds {unknown}
 l - 3 potions of attraction
 n - a potion of invisibility {unknown}
 o - a potion of haste {unknown}


   Skills:
 + Level 3.8 Fighting
 + Level 5.5 Polearms
 + Level 3.4 Throwing
 + Level 5.5 Dodging


You had 5 spell levels left.
You didn't know any spells.
Your spell library contained the following spells:

 Spells                   Type           Power      Damage    Failure   Level
 Inner Flame              Hex/Fire       0%         N/A       85%         3
 Irradiate                Conj/Alch      0%         3d11      100%        5
 Ignition                 Fire           0%         3d3       100%        8


Dungeon Overview and Level Annotations

Branches:
Dungeon (4/15)
 Temple: D:4-7

Altars:


Innate Abilities, Weirdness & Mutations

((You are very nimble when in or above water. (Stealth+, EV+, Speed+++)))
Your lower body shifts to a powerful aquatic tail in water.


Message History

An orc priest is wielding a +2 falchion of holy wrath.
The orc priest shouts! x2
You hit the phantom.
The phantom is almost destroyed.
The orc priest casts a cantrip, but nothing happens.
The phantom hits you.
The phantom blinks!
You blink.
You barely miss the phantom. Your punch misses the phantom.
The phantom is almost destroyed.
The phantom barely misses you.
You closely miss the phantom.
The phantom is almost destroyed.
The orc priest closely misses you.
The phantom hits you but does no damage.
You hit the phantom.
You destroy the phantom!
The orc priest closely misses you. x2; The orc priest barely misses you.
The orc priest hits you but does no damage.
You have reached level 6!
You hit the orc priest.
The orc priest is heavily wounded.
The orc priest hits you but does no damage.
The orc priest misses you.
You closely miss the orc priest. Your punch misses the orc priest.
The orc priest is heavily wounded.
The orc priest hits you with a +0 club.
The orc priest invokes the aid of Beogh against you.
You barely resist. The orc priest closely misses you.
You closely miss the orc priest.
The orc priest is heavily wounded.
The orc priest looks encouraged for a moment.
The orc priest calls down the wrath of Beogh upon you.
Beogh smites you!
You hit the orc priest but do no damage.
The orc priest is heavily wounded.
The orc priest barely misses you.
The orc priest mumbles some strange prayers to Beogh against you.
Beogh smites you!
* * * LOW HITPOINT WARNING * * *
The orc priest hits you with a +2 falchion of holy wrath!
You die...

...........'....... ..
...........###########.######..#
..........>.....ยง...............
.###.....#####)#######.#####....
..........####.........# .
####........##.........#
####........##.........#
............##..o......#
####.#......##.o@.o....#
#.#......##....?....#
##+#......##...........
#.........##...........
+.........##.#####.....
#...#.#.####. ..... +.......# #.
... #...#.### #. ..
#...#.######.#


You could see 3 orc priests.

Vanquished Creatures
  A phantom (D:4)
  A hound (D:3)
  Terence (D:3)
  4 adders
  A dart slug (D:2)
  2 ribbon worms (D:2)
  5 orcs
  7 ball pythons
  A bat (D:3)
  5 endoplasms
  3 goblins
  3 hobgoblins
  7 jackals
  8 kobolds
  7 quokkas
  4 frilled lizards
  3 rats
63 creatures vanquished.

Notes
Turn   | Place    | Note
-------+----------+-------------------------------------------
     0 | D:1      | NotreDorf the Merfolk Gladiator began the quest for the
                  | Orb.
     0 | D:1      | Reached XP level 1. HP: 16/16 MP: 1/1
   244 | D:1      | Reached XP level 2. HP: 23/23 MP: 2/2
   415 | D:1      | Reached XP level 3. HP: 18/28 MP: 3/3
   908 | D:2      | Found Nanodo's Book Shoppe.
  1413 | D:3      | Reached XP level 4. HP: 30/35 MP: 4/4
  1475 | D:3      | Noticed Terence
  1504 | D:3      | Killed Terence
  1505 | D:3      | Reached skill level 5 in Polearms
  1505 | D:3      | Reached skill level 5 in Dodging
  1523 | D:3      | Reached XP level 5. HP: 21/41 MP: 5/5
  1931 | D:3      | Found a faded altar of an unknown god.
  2535 | D:4      | Noticed a phantom
  2561 | D:4      | Killed a phantom
  2562 | D:4      | Reached XP level 6. HP: 26/48 MP: 6/6
  2565 | D:4      | Slain by an orc priest

Illustrated notes

Levels and vault maps discovered:
D:1:      scummos_arrival_checkerplants, layout_basic, skrybe_limestone_x,
          minivault_23, minmay_misc_feat_cross
D:2:      layout_basic, serial_shops, nicolae_shop_statue_plus,
          minmay_misc_feat_columns, serial_bayou_lagoon_b
D:3:      layout_basic, shapermc_ecumenical_altar_totnotflames, uniq_terence
D:4:      layout_basic, chequers_temple_overflow_minitemple,
          mainiacjoe_overflow_six_doors_small, uniq_blork_the_orc

Skill      XL: |  1  2  3  4 |
---------------+-------------+-----
Fighting       | 3 |  3.8
Polearms       | 5 |  5.5
Throwing       | 3 |  3.4
Dodging        | 5 |  5.5

Action                     |  1- 3 |  4- 6 || total
---------------------------+-------+-------++-------
  Melee: Trident           |   119 |   141 ||   260
         Punch             |     3 |       ||     3
         Tailslap          |     2 |       ||     2
    Use: Scroll            |     5 |       ||     5
         Potion            |       |     2 ||     2
   Stab: Sleeping          |     3 |     1 ||     4
 Armour: Leather armour    |    43 |    52 ||    95
         Skin              |       |    19 ||    19
  Dodge: Dodged            |    59 |    69 ||   128
